[ AOE2 MATCH · #507334790 ]
UnrankedSaracens vs Italians
Player's team · WIN
Rival team · LOSS
[ REPLAY ANALYSIS · EXTRACTED FROM THE RECORDED GAME ]
Feudal
8:25
Castle
—
Imperial
—
| APM avg | 53.5 |
| APM peak | 74 |
| eAPM avg | 20.3 |
| Villagers / military | 33 / 8 |
Focus
⚔️ 40.5% · 🌾 59.5%
Scout Cavalry ×8 · Unknown (2626) ×1
Feudal
11:38
Castle
—
Imperial
—
| APM avg | 57.2 |
| APM peak | 95 |
| eAPM avg | 28.1 |
| Villagers / military | 39 / 0 |
Focus
⚔️ 25.6% · 🌾 74.4%
Fishing Ship ×7
Match map
Initial resources + every placement click. Lines = walls · curves = elevation contours. ◆ gold · ⬟ stone · ● berries · ✦ relic · ◌ wall gap
Your base· Open — unwalled flank
Rist!'s base· Open — 4t gap
Smoothed initial terrain · ◌ = detected wall gap · hover for details
Inputs per minute
— Ivannovich - - Rist!
Build order — Ivannovich
93 actions detected in the replay
| 0:00 | Queue | Villager (Male) |
| 0:00 | Queue | Villager (Male) |
| 0:02 | Build | House |
| 0:03 | Build | House |
| 0:06 | Queue | Villager (Male) |
| 0:12 | Queue | Villager (Male) |
| 0:12 | Queue | Villager (Male) |
| 1:31 | Queue | Villager (Male) |
| 1:45 | Queue | Villager (Male) |
| 2:13 | Queue | Villager (Male) |
| 2:35 | Queue | Villager (Male) |
| 3:04 | Queue | Villager (Male) |
| 3:06 | Build | Lumber Camp |
| 3:10 | Queue | Villager (Male) |
| 3:23 | Build | House |
| 3:45 | Queue | Villager (Male) |
| 3:46 | Queue | Villager (Male) |
| 4:25 | Queue | Villager (Male) |
| 4:29 | Queue | Villager (Male) |
| 4:30 | Queue | Villager (Male) |
| 4:45 | Queue | Villager (Male) |
| 5:08 | Queue | Villager (Male) |
| 5:08 | Queue | Villager (Male) |
| 5:30 | Build | Mill |
| 5:34 | Queue | Villager (Male) |
| 6:15 | Research | Feudal Age |
| 7:06 | Build | House |
| 7:22 | Build | Barracks |
| 7:29 | Research | Loom |
| 8:25 | Age | Feudal Age |
| 8:26 | Queue | Villager (Male) |
| 8:28 | Build | Stable |
| 8:49 | Queue | Villager (Male) |
| 9:01 | Queue | Scout Cavalry |
| 9:07 | Queue | Villager (Male) |
| 9:11 | Queue | Villager (Male) |
| 9:43 | Build | Watch Tower |
| 9:58 | Queue | Scout Cavalry |
| 10:01 | Build | Mining Camp |
| 10:04 | Build | House |
| 10:11 | Build | Palisade Wall |
| 10:12 | Build | Palisade Wall |
| 10:13 | Build | Palisade Wall |
| 10:13 | Build | Palisade Wall |
| 10:14 | Build | Palisade Wall |
| 11:25 | Queue | Scout Cavalry |
| 11:35 | Build | Watch Tower |
| 11:54 | Queue | Scout Cavalry |
| 12:14 | Build | Dock |
| 12:20 | Build | Palisade Wall |
| 12:21 | Build | Palisade Wall |
| 12:21 | Build | Palisade Wall |
| 12:26 | Queue | Villager (Male) |
| 12:58 | Queue | Villager (Male) |
| 13:12 | Build | Watch Tower |
| 13:17 | Queue | Unit 2626 |
| 13:20 | Build | Palisade Wall |
| 13:20 | Build | Palisade Wall |
| 13:20 | Build | Palisade Wall |
| 13:21 | Build | Palisade Wall |
| 13:21 | Build | Palisade Wall |
| 13:32 | Build | Watch Tower |
| 13:35 | Build | House |
| 13:44 | Build | Mining Camp |
| 13:51 | Queue | Villager (Male) |
| 14:07 | Build | Watch Tower |
| 14:17 | Build | Blacksmith |
| 14:28 | Queue | Villager (Male) |
| 15:08 | Queue | Scout Cavalry |
| 15:12 | Build | House |
| 15:35 | Queue | Villager (Male) |
| 15:41 | Build | Farm |
| 15:41 | Build | Farm |
| 15:41 | Build | Farm |
| 15:41 | Build | Farm |
| 15:42 | Build | Farm |
| 15:42 | Build | Farm |
| 15:42 | Build | Farm |
| 16:05 | Queue | Scout Cavalry |
| 16:21 | Build | Market |
| 17:04 | Queue | Villager (Male) |
| 17:11 | Build | Watch Tower |
| 17:14 | Research | Fletching |
| 17:24 | Build | Palisade Wall |
| 17:31 | Build | Palisade Wall |
| 17:39 | Queue | Scout Cavalry |
| 17:44 | Build | Palisade Wall |
| 17:46 | Build | Palisade Wall |
| 17:52 | Queue | Villager (Male) |
| 18:17 | Build | Palisade Wall |
| 18:19 | Queue | Scout Cavalry |
| 18:32 | Queue | Villager (Male) |
| 18:32 | Queue | Villager (Male) |
Build order — Rist!
100 actions detected in the replay
| 0:00 | Queue | Villager (Male) |
| 0:01 | Queue | Villager (Male) |
| 0:01 | Queue | Villager (Male) |
| 0:02 | Build | House |
| 0:03 | Build | House |
| 0:13 | Queue | Villager (Male) |
| 0:14 | Queue | Villager (Male) |
| 1:27 | Build | Lumber Camp |
| 1:28 | Queue | Villager (Male) |
| 2:08 | Queue | Villager (Male) |
| 2:08 | Queue | Villager (Male) |
| 2:21 | Queue | Villager (Male) |
| 2:21 | Queue | Villager (Male) |
| 2:58 | Queue | Villager (Male) |
| 2:59 | Queue | Villager (Male) |
| 3:25 | Queue | Villager (Male) |
| 3:25 | Queue | Villager (Male) |
| 3:40 | Build | Dock |
| 3:50 | Queue | Villager (Male) |
| 3:50 | Queue | Villager (Male) |
| 3:59 | Build | House |
| 4:21 | Queue | Villager (Male) |
| 4:21 | Queue | Villager (Male) |
| 4:35 | Queue | Fishing Ship |
| 4:35 | Queue | Fishing Ship |
| 4:39 | Build | Palisade Wall |
| 4:40 | Build | Palisade Wall |
| 4:42 | Build | Palisade Wall |
| 4:48 | Queue | Villager (Male) |
| 5:10 | Queue | Villager (Male) |
| 5:10 | Queue | Villager (Male) |
| 5:21 | Build | House |
| 5:34 | Queue | Fishing Ship |
| 5:34 | Queue | Fishing Ship |
| 5:40 | Queue | Villager (Male) |
| 5:50 | Build | Palisade Wall |
| 6:08 | Queue | Villager (Male) |
| 6:21 | Build | Palisade Wall |
| 6:31 | Queue | Villager (Male) |
| 6:31 | Queue | Villager (Male) |
| 6:31 | Queue | Villager (Male) |
| 6:33 | Queue | Fishing Ship |
| 6:46 | Build | House |
| 6:47 | Queue | Villager (Male) |
| 7:13 | Queue | Villager (Male) |
| 7:14 | Queue | Fishing Ship |
| 7:14 | Queue | Fishing Ship |
| 7:32 | Build | Palisade Wall |
| 8:01 | Build | House |
| 8:14 | Queue | Villager (Male) |
| 8:31 | Research | Loom |
| 8:35 | Build | Palisade Wall |
| 8:36 | Build | Palisade Wall |
| 8:37 | Build | Palisade Wall |
| 8:45 | Research | Feudal Age |
| 8:45 | Research | Feudal Age |
| 8:50 | Build | Palisade Wall |
| 9:09 | Build | Mining Camp |
| 9:12 | Build | Palisade Wall |
| 10:09 | Build | Mill |
| 10:45 | Build | House |
| 10:57 | Build | Mining Camp |
| 11:01 | Build | Palisade Wall |
| 11:14 | Build | House |
| 11:16 | Build | Palisade Wall |
| 11:17 | Build | House |
| 11:19 | Build | Palisade Wall |
| 11:38 | Age | Feudal Age |
| 11:45 | Build | House |
| 11:47 | Build | House |
| 12:22 | Queue | Villager (Male) |
| 12:23 | Queue | Villager (Male) |
| 12:53 | Build | House |
| 13:17 | Build | House |
| 13:18 | Queue | Villager (Male) |
| 13:25 | Build | Mining Camp |
| 13:28 | Build | House |
| 13:42 | Build | Watch Tower |
| 13:50 | Build | Watch Tower |
| 13:58 | Queue | Villager (Male) |
| 14:16 | Build | Watch Tower |
| 14:24 | Build | Palisade Wall |
| 14:34 | Build | House |
| 14:36 | Build | House |
| 14:37 | Queue | Villager (Male) |
| 14:49 | Build | Palisade Wall |
| 15:15 | Queue | Villager (Male) |
| 15:41 | Build | Market |
| 15:42 | Queue | Villager (Male) |
| 15:48 | Queue | Villager (Male) |
| 15:56 | Build | Blacksmith |
| 16:35 | Queue | Villager (Male) |
| 16:55 | Research | Fletching |
| 17:18 | Build | Palisade Wall |
| 18:21 | Research | Castle Age |
| 18:21 | Research | Castle Age |
| 18:26 | Build | House |
| 18:28 | Build | House |
| 18:33 | Queue | Villager (Male) |
| 18:38 | Build | Mining Camp |
Match timeline
| 3:40 | Rist! · first_building Dock |
| 4:39 | Rist! · wall_segment Palisade Wall x1 |
| 4:40 | Rist! · wall_segment Palisade Wall x1 |
| 4:42 | Rist! · wall_segment Palisade Wall x1 |
| 5:50 | Rist! · wall_segment Palisade Wall x12 |
| 6:21 | Rist! · wall_segment Palisade Wall x7 |
| 7:22 | Ivannovich · first_building Barracks |
| 7:32 | Rist! · wall_segment Palisade Wall x11 |
| 8:25 | Ivannovich · age_up feudal |
| 8:28 | Ivannovich · first_building Stable |
| 8:35 | Rist! · wall_segment Palisade Wall x1 |
| 8:36 | Rist! · wall_segment Palisade Wall x1 |
| 8:37 | Rist! · wall_segment Palisade Wall x1 |
| 8:50 | Rist! · wall_segment Palisade Wall x4 |
| 9:12 | Rist! · wall_segment Palisade Wall x1 |
| 10:11 | Ivannovich · wall_segment Palisade Wall x1 |
| 10:12 | Ivannovich · wall_segment Palisade Wall x1 |
| 10:13 | Ivannovich · wall_segment Palisade Wall x2 |
| 10:13 | Ivannovich · wall_segment Palisade Wall x1 |
| 10:14 | Ivannovich · wall_segment Palisade Wall x1 |
| 11:01 | Rist! · wall_segment Palisade Wall x1 |
| 11:16 | Rist! · wall_segment Palisade Wall x1 |
| 11:19 | Rist! · wall_segment Palisade Wall x1 |
| 11:38 | Rist! · age_up feudal |
| 12:14 | Ivannovich · first_building Dock |
| 12:20 | Ivannovich · wall_segment Palisade Wall x1 |
| 12:21 | Ivannovich · wall_segment Palisade Wall x2 |
| 12:21 | Ivannovich · wall_segment Palisade Wall x1 |
| 13:20 | Ivannovich · wall_segment Palisade Wall x1 |
| 13:20 | Ivannovich · wall_segment Palisade Wall x1 |
| 13:20 | Ivannovich · wall_segment Palisade Wall x2 |
| 13:21 | Ivannovich · wall_segment Palisade Wall x2 |
| 13:21 | Ivannovich · wall_segment Palisade Wall x3 |
| 14:24 | Rist! · wall_segment Palisade Wall x1 |
| 14:49 | Rist! · wall_segment Palisade Wall x1 |
| 17:18 | Rist! · wall_segment Palisade Wall x7 |
| 17:24 | Ivannovich · wall_segment Palisade Wall x1 |
| 17:31 | Ivannovich · wall_segment Palisade Wall x1 |
| 17:44 | Ivannovich · wall_segment Palisade Wall x1 |
| 17:46 | Ivannovich · wall_segment Palisade Wall x1 |
| 18:17 | Ivannovich · wall_segment Palisade Wall x1 |
| 18:19 | Rist! · first_market_sell 100 wood |
| 18:52 | Rist! · resign |
[ AI ANALYSIS · 1 CREDIT ]
What really happened in this match?
Wolo.gg analyzes every decision: build order, eco, micro, common mistakes by bracket. Personalized analysis on WhatsApp or Discord in 30 seconds.
Civ guide
Saracens
Perfil
Ivannovich